 Dungeon Crawl Stone Soup version 0.24.0-123-gd5b16e6ec5 (webtiles) character file.

Game seed: 947722470434329226, levelgen mode: deterministic

47 Ereth the Skirmisher (level 3, -2/33 HPs)
             Began as a Hill Orc Fighter on Jan 7, 2020.
             Slain by a gnoll
             ... wielding a +0 halberd
              (7 damage)
             ... on level 2 of the Dungeon.
             The game lasted 00:02:22 (802 turns).

Ereth the Skirmisher (Hill Orc Fighter)              Turns: 802, Time: 00:02:23

Health: -2/33      AC:  7    Str: 19    XL:     3   Next: 70%
Magic:  3/3        EV:  7    Int:  8    God:
Gold:   37         SH:  9    Dex: 10    Spells: 2/2 levels left

rFire    . . .     SeeInvis .   a - +0 war axe
rCold    . . .     Gourm    .   c - +0 shield
rNeg     . . .     Faith    .   b - +0 scale mail
rPois    .         Spirit   .   (no helmet)
rElec    .         Reflect  .   (no cloak)
rCorr    .         Harm     .   (no gloves)
MR       .....                  (no boots)
Stlth    ..........             (no amulet)
HPRegen  0.11/turn              (no ring)
MPRegen  0.08/turn              (no ring)

@: no status effects
A: no striking features
a: no special abilities


You were on level 2 of the Dungeon.
You were not hungry.

You visited 1 branch of the dungeon, and saw 2 of its levels.

You collected 37 gold pieces.

Inventory:

Hand Weapons
 a - a +0 war axe (weapon)
Armour
 b - a +0 scale mail (worn)
 c - a +0 shield (worn)
Jewellery
 p - a cursed -5 ring of evasion {unknown}
Scrolls
 e - 2 scrolls of remove curse {unknown}
 h - 2 scrolls of teleportation {unknown}
 j - a scroll of magic mapping {unknown}
 m - a scroll of immolation {unknown}
 n - a scroll of random uselessness {unknown}
 q - 2 scrolls of identify {unknown}
Potions
 d - a potion of might
 i - a potion of curing {unknown}
 k - a potion of ambrosia {unknown}
 l - a potion of brilliance {unknown}
 o - a potion of flight {unknown}
Comestibles
 f - 2 rations
 g - 3 chunks of flesh


   Skills:
 + Level 3.9 Fighting
 + Level 3.8 Axes
 + Level 3.8 Armour
 + Level 0.2 Dodging
 + Level 3.6 Shields


You had 2 spell levels left.
You didn't know any spells.
Your spell library was empty.

Dungeon Overview and Level Annotations

Branches:
Dungeon (2/15)

Altars:
Xom


Message History

Some of the chunks of flesh in your inventory have rotted away.
You hit the gnoll.
The gnoll is heavily wounded.
You block the gnoll's attack.
A gnoll comes into view. It is wielding a +0 club.
You closely miss the gnoll.
The gnoll is heavily wounded.
The gnoll hits you with a +0 halberd. You block the gnoll's attack.
You barely miss the gnoll.
The gnoll is heavily wounded.
You block the gnoll's attack.
You barely miss the gnoll.
The gnoll is heavily wounded.
The gnoll hits you with a +0 halberd!
* * * LOW HITPOINT WARNING * * *
You block the gnoll's attack.
You see here a mace.
There is a stone staircase leading up here.
The gnoll hits you from afar with a +0 halberd!
You die...

#.# #.# #.# #(# #.# #.#
..# #.# #.# ### #.# #.##
#.# #... .. #g# ###. #.
#.# #. #.## #####g#
########. #.# ..#
##@)g#.####........ #.#
#.###.###g.............
#.# #.##.##
##.####.######. #.# #....#
#.###...## #. #.###..#.##
##.##.###.## #.
#.#.......###....##
##.###.
#######.#.#..###...##.##
##....
.............####.....#
#....
#######.........#####.####
##).##


You could see 2 gnolls.

Vanquished Creatures
  A gnoll (D:2)
  A worm (D:2)
  A leopard gecko (D:2)
  6 bats
  3 giant cockroaches (D:1)
  4 goblins
  7 hobgoblins
  3 kobolds
  A frilled lizard (D:1)
  4 rats
31 creatures vanquished.

Notes
Turn   | Place    | Note
-------+----------+-------------------------------------------
     0 | D:1      | Ereth the Hill Orc Fighter began the quest for the Orb.
     0 | D:1      | Reached XP level 1. HP: 19/19 MP: 1/1
     6 | D:1      | Noticed a lindwurm
     6 | D:1      | Noticed a wolf
     7 | D:1      | Noticed a polar bear
     7 | D:1      | Noticed a swamp drake
    26 | D:1      | You fall into a shaft and drop 1 floor!
    83 | D:1      | Reached XP level 2. HP: 23/27 MP: 2/2
   392 | D:1      | Reached XP level 3. HP: 29/33 MP: 3/3
   666 | D:2      | Found a shimmering altar of Xom.
   666 | D:2      | Found a shimmering altar of Xom.
   666 | D:2      | Found a shimmering altar of Xom.
   669 | D:2      | Found a shimmering altar of Xom.
   687 | D:2      | Found a shimmering altar of Xom.
   802 | D:2      | Slain by a gnoll

Levels and vault maps discovered:
D:1:      onia_arrival_zoo_common, layout_basic, minmay_tripent
D:2:      layout_loops_ring, xom_redecorated, nicolae_ru_the_path_less_chosen

Skill      XL: |  1 |
---------------+----+-----
Axes           | 3 |  3.8
Fighting       | |  3.9
Armour         | |  3.8
Dodging        | |  0.2
Shields        | |  3.6

Action                   || total
-------------------------++-------
Melee: War axe           ||   111
Armor: Scale mail        ||    41
Dodge: Dodged            ||    29
Block: Shield            ||    62
